 Dungeon Crawl Stone Soup version 0.30.1-3-gfc49f6343a (webtiles) character file.

Game seed: 4921890172318773162

3124 spardeous the Trooper (level 9, -17/78 HPs)
             Began as a Demigod Conjurer on Aug 3, 2023.
             Shot with an arrow by a centaur warrior (24 damage)
             ... on level 8 of the Dungeon.
             The game lasted 00:15:03 (11100 turns).

spardeous the Trooper (Demigod Conjurer)           Turns: 11100, Time: 00:15:04

Health: -17/78     AC: 15    Str: 12    XL:     9   Next: 34%
Magic:  13/20      EV: 11    Int: 32    God:
Gold:   368        SH:  0    Dex: 12    Spells: 7/18 levels left

rFire   + . .        N - +0 hammer of Courage {speed, Fly Int+4}
rCold   . . .        (no shield)
rNeg    . . .        r - +2 leather armour {rF+}
rPois   .            p - +2 helmet
rElec   .            j - +0 cloak
rCorr   .            C - +0 pair of gloves
SInv    .            B - +0 pair of boots
Will    .....        (no amulet)
Stlth   ++           u - +4 ring of protection
HPRegen 0.33/turn    (no ring)
MPRegen 0.17/turn

%: no passive effects
@: flying, invisible
A: high MP 1, forlorn, divine attributes
a: no special abilities


You were on level 8 of the Dungeon.
You visited 1 branch of the dungeon, and saw 8 of its levels.
You also visited: Ossuary.

You collected 434 gold pieces.
You spent 66 gold pieces at shops.

Inventory:

Hand Weapons
 a - a +2 short sword of freezing
 k - a +1 sling of electrocution
 J - a +1 broad axe of draining
 N - the +0 hammer of Courage (weapon) {speed, Fly Int+4}
   (You found it on level 7 of the Dungeon)

   Int:       It affects your intelligence (+4).
   Fly:       It grants you flight.
Missiles
 l - 2 throwing nets
Armour
 j - a +0 cloak (worn)
 p - a +2 helmet (worn)
 r - a +2 leather armour of fire resistance (worn)
 y - a +2 scale mail of cold resistance
 B - a +0 pair of boots (worn)
 C - a +0 pair of gloves (worn)
 D - the +2 robe "Ontaosme" {rF+ Will+ Int+3 Dex-2}
   (You found it on level 5 of the Dungeon)

   Int:       It affects your intelligence (+3).
   Dex:       It affects your dexterity (-2).
   rF:        It protects you from fire.
   Will:      It increases your willpower.
Jewellery
 u - a +4 ring of protection (left hand)
 K - a ring of magical power
Wands
 q - a wand of digging (13)
 s - a wand of roots (14)
 F - a wand of polymorph (6)
 I - a wand of flame (31)
 L - a wand of mindburst (23)
Scrolls
 d - 3 scrolls of immolation {unknown}
 g - 4 scrolls of magic mapping
 h - 2 scrolls of teleportation
 o - 3 scrolls of poison {unknown}
 w - 2 scrolls of brand weapon {unknown}
 A - a scroll of enchant armour
 E - 2 scrolls of amnesia
 H - a scroll of acquirement {unknown}
 M - a scroll of identify
 O - a scroll of fog {unknown}
Potions
 b - a potion of magic
 c - 2 potions of lignification
 e - 2 potions of ambrosia
 f - 9 potions of curing {unknown}
 m - 4 potions of mutation {unknown}
 n - a potion of heal wounds
 t - a potion of cancellation
 v - 4 potions of degeneration {unknown}
 x - 2 potions of brilliance {unknown}
 z - a potion of flight {unknown}
 G - a potion of might


   Skills:
 + Level 6.9 Fighting
 - Level 1.7 Dodging
 - Level 1.7 Stealth
 - Level 5.0 Spellcasting
 - Level 6.3 Conjurations
 + Level 6.9 Translocations


You had 7 spell levels left.
You knew the following spells:

 Your Spells              Type           Power      Damage    Failure   Level
a - Magic Dart            Conj           100%       1d8       1%          1
b - Searing Ray           Conj           96%        2d7       1%          2
c - Iskenderun's Mystic   Conj/Tloc      50%        2d11      4%          4
d - Leda's Liquefaction   Hex/Erth       4%         N/A       54%         4

Your spell library contained the following spells:

 Spells                   Type           Power      Damage    Failure   Level
 Apportation              Tloc           100%       N/A       1%          1
 Portal Projectile        Hex/Tloc       60%        N/A       4%          3
 Volatile Blastmotes      Fire/Tloc      60%        2d15      4%          3
 Dazzling Flash           Conj/Hex       56%        N/A       5%          3
 Necrotise                Necr           32%        1d5       6%          1
 Sting                    Tmut/Pois      32%        1d4       6%          1
 Summon Small Mammal      Summ           32%        N/A       6%          1
 Poisonous Vapours        Pois/Air       16%        N/A       10%         2
 Fulminant Prism          Conj/Hex       14%        3d9       17%         4
 Call Canine Familiar     Summ           8%         N/A       19%         3
 Ozocubu's Armour         Ice            8%         N/A       19%         3
 Animate Armour           Summ/Erth      16%        N/A       54%         4
 Olgreb's Toxic Radiance  Pois           8%         N/A       54%         4
 Summon Lightning Spire   Summ/Air       8%         N/A       54%         4
 Lee's Rapid Deconstruct  Erth           4%         3d5*      87%         5
 Metabolic Englaciation   Hex/Ice        4%         N/A       87%         5
 Simulacrum               Ice/Necr       4%         N/A       100%        6
 Malign Gateway           Summ/Tloc      15%        N/A       100%        7
 Storm Form               Tmut/Air       4%         N/A       100%        7
 Disjunction              Tloc           25%        N/A       100%        8
 Maxwell's Capacitive Co  Air            4%         ∞         100%        8


Dungeon Overview and Level Annotations

Branches:
Dungeon (8/15)             Temple (0/1) D:6         Ossuary (visited)
   Lair: D:8-11

Shops:
D:2 *


Innate Abilities, Weirdness & Mutations

You have an increased reservoir of magic. (+10% MP)
You shall have no god before yourself.
Your divine heritage dramatically boosts your attributes as you level up.


Message History

You feel much better.
You regained 21 hp, and now have 42/78 hp.
The centaur warrior shoots an arrow.
The arrow barely misses you.
The centaur warrior shoots an arrow.
The arrow hits you!
You take 6 damage, and have 36/78 hp.
Casting: Searing Ray (safe; 1% risk of failure)
Confirm with . or Enter, or press ? or * to list all spells.
Aiming: Searing Ray (safe; 1% risk of failure)
Press: ? - help, Shift-Dir - straight line, f - centaur warrior
Aim: a centaur warrior, wielding a +0 longbow (unable to see you, 87% to hit)
The searing ray hits the centaur warrior.
The centaur warrior is lightly wounded. (Press . to maintain the ray.)
The centaur warrior shoots an arrow.
The arrow barely misses you.
You now have 18/20 mp.
The searing ray hits the centaur warrior!
The centaur warrior is moderately wounded.
The centaur warrior shoots an arrow.
The arrow closely misses you.
You now have 17/20 mp.
The searing ray hits the centaur warrior but does no damage.
The centaur warrior is moderately wounded.
The centaur warrior shoots an arrow.
The arrow hits you!
* * * LOW HITPOINT WARNING * * *
You take 13 damage, and have 23/78 hp.
You now have 16/20 mp.
You feel much better.
The centaur warrior shoots an arrow.
The arrow hits you!
* * * LOW HITPOINT WARNING * * *
The centaur warrior shoots an arrow.
The arrow closely misses you.
You regained 4 hp, and now have 27/78 hp.
The centaur warrior shoots an arrow.
The arrow hits you!
* * * LOW HITPOINT WARNING * * *
You take 9 damage, and have 18/78 hp.
Casting: Searing Ray (safe; 1% risk of failure)
Confirm with . or Enter, or press ? or * to list all spells.
You erupt in a blast of force!
The mystic blast hits the centaur warrior!
The centaur warrior is moderately wounded.
The centaur warrior shoots an arrow.
The arrow hits you!
* * * LOW HITPOINT WARNING * * *
The centaur warrior shoots an arrow.
The arrow hits you!!
You die...

##.....## #.
##.......####. #.
#.........#.. #.
#.........#.##.
#..[......#.#..
#.....<.......#
#....)..)c#.##
#(.....)..#.######.#
#......@...........#
#.........#.###[####
#.........#.##[...
#.........#>#..# ..#
##.......##....# ...
##>..>.###....# ## .
#########....######
. #..........# #.
#......###.....


You could see a centaur warrior (unable to see you).

Vanquished Creatures
  Pikel (D:7)
  Maggie (D:7)
  A steam dragon (D:7)
  Duvessa (D:4)
  An orc warrior (D:6)
  A sky beast (D:7)
  2 black bears
  An ice beast (D:7)
  An ogre (D:7)
  3 lemures (D:7)
  3 elf zombies (Ossuary)
  3 scorpions
  Dowan (D:4)
  A howler monkey (D:5)
  2 centaur zombies (Ossuary)
  Crazy Yiuf (D:7)
  A jelly (D:5)
  6 hounds
  2 orc priests
  A gnoll bouda (D:7)
  5 sleepcaps
  Terence (D:3)
  5 iguanas
  3 orc wizards
  3 mummies
  7 gnolls
  8 adders
  3 shadow imps
  An ufetubus (D:5)
  An adder zombie (Ossuary)
  2 worms
  A dart slug (D:3)
  27 orcs
  9 bats
  8 endoplasms
  3 giant cockroaches
  9 goblins
  6 hobgoblins
  4 jackals
  7 kobolds
  2 quokkas
  7 ball pythons
  3 frilled lizards
  2 goblin zombies (Ossuary)
  11 hobgoblin zombies
  2 jackal zombies (Ossuary)
  12 kobold zombies
  8 orc zombies (Ossuary)
  5 rats
199 creatures vanquished.

Vanquished Creatures (others)
  A kobold brigand (D:7)
  2 kobolds (D:7)
3 creatures vanquished.

Grand Total: 202 creatures vanquished

Notes
Turn   | Place    | Note
-------+----------+-------------------------------------------
     0 | D:1      | spardeous the Demigod Conjurer began the quest for the Orb.
     0 | D:1      | Reached XP level 1. HP: 14/14 MP: 5/5
   963 | D:1      | Reached XP level 2. HP: 20/20 MP: 4/7
  2093 | D:2      | Found Famnilez's Assorted Antiques.
  2101 | D:2      | Bought a scroll labelled RIRUOL EDEZXAZ for 23 gold pieces
  2101 | D:2      | Bought a black potion for 20 gold pieces
  2101 | D:2      | Bought a scroll labelled FOGITHR LOLITWEP for 23 gold
                  | pieces
  2475 | D:3      | Noticed Terence
  2485 | D:2      | Learned a level 2 spell: Searing Ray
  2517 | D:3      | Reached XP level 3. HP: 26/26 MP: 7/9
  2845 | D:4      | Noticed Duvessa
  2878 | D:4      | Killed Duvessa
  2879 | D:4      | Reached XP level 4. HP: 16/33 MP: 1/12
  2984 | D:4      | Noticed Dowan
  2993 | D:4      | Killed Dowan
  2994 | D:4      | Reached skill level 5 in Conjurations
  2994 | D:4      | Reached XP level 5. HP: 29/38 MP: 3/13
  3675 | D:4      | Reached XP level 6. HP: 45/45 MP: 10/15
  4164 | D:3      | Killed Terence
  4747 | D:3      | Learned a level 4 spell: Iskenderun's Mystic Blast
  5657 | D:5      | Entered Level 5 of the Dungeon
  5776 | D:5      | Reached XP level 7. HP: 50/50 MP: 11/17
  5811 | D:5      | Reached skill level 5 in Spellcasting
  5884 | D:5      | Identified the +2 robe "Ontaosme" {rF+ Will+ Int+3 Dex-2}
  5911 | D:5      | Found a sand-covered staircase.
  5922 | Ossuary  | Entered an ossuary
  6463 | Ossuary  | Reached skill level 1 in Fighting
  6463 | Ossuary  | Reached skill level 1 in Translocations
  7298 | D:5      | Reached XP level 8. HP: 63/63 MP: 14/19
  8274 | D:6      | Found a staircase to the Ecumenical Temple.
  8680 | D:6      | Got the Octavo of Crystalline Distance
  9206 | D:7      | Reached skill level 5 in Fighting
  9206 | D:7      | Reached skill level 5 in Translocations
  9275 | D:7      | Noticed Pikel
  9474 | D:7      | Noticed Maggie
  9501 | D:7      | Killed Maggie
  9699 | D:7      | Reached XP level 9. HP: 63/75 MP: 4/20
 10042 | D:7      | Found a runed translucent door.
 10043 | D:7      | Noticed Crazy Yiuf
 10045 | D:7      | Identified the +0 hammer of Courage {speed, Fly Int+4}
 10258 | D:7      | Killed Pikel
 10584 | D:7      | Killed Crazy Yiuf
 10813 | D:8      | Learned a level 4 spell: Leda's Liquefaction
 11031 | D:8      | Noticed a centaur warrior
 11031 | D:8      | Noticed a seven-headed hydra
 11037 | D:8      | Noticed a two-headed ogre
 11041 | D:8      | Noticed a two-headed ogre
 11100 | D:8      | Shot with an arrow by a centaur warrior

Illustrated notes

Levels and vault maps discovered:
D:1:      nagdon_arrival_double_spiral, layout_basic
D:2:      layout_loops_cross, serial_shops, nicolae_diamond_shop
D:3:      minmay_inner_zag, layout_basic, nicolae_overflow_hidden_temple,
          minmay_puff, uniq_terence
D:4:      minmay_razor_zed, layout_cave_pools, kennysheep_mini, uniq_duvessa
D:5:      minmay_recursive_quarters, layout_loops_ring,
          mainiacjoe_overflow_small_starburst, nicolae_ossuary_entry_monument,
          minmay_misc_feat_rows
D:6:      layout_loops_ring, mainiacjoe_overflow_concentric_impassable,
          minmay_temple_entry_crystal_x
D:7:      layout_cave_pools, trog_book, minmay_mini_ossuary,
          uniq_crazy_yiuf_cottage, uniq_maggie, uniq_pikel
D:8:      minmay_the_grid_octo_2x2 [minmay_the_grid_octo_odd_swirl,
          minmay_the_grid_octo_77, minmay_the_grid_octo_vomiting_pacman,
          minmay_the_grid_octo_prize_square_snowflake], layout_rooms,
          david_lair_shrubbed, serial_curves, eino_curves_04, eino_curves_04

Skill      XL: |  1  2  3  4  5  6  7  8 |
---------------+-------------------------+-----
Spellcasting   | 2 3 4 5 |  5.0
Conjurations   | 4 5 6 |  6.3
Fighting       | 3 6 |  6.9
Translocations | 3 6 |  6.9
Dodging        | |  1.7
Stealth        | |  1.7

Action                     |  1- 3 |  4- 6 |  7- 9 || total
---------------------------+-------+-------+-------++-------
  Melee: Unarmed           |    26 |       |       ||    26
         Short sword       |       |       |    69 ||    69
         Broad axe         |       |       |     2 ||     2
         Mace              |       |       |     3 ||     3
   Fire: Sling             |     6 |     2 |       ||     8
   Cast: Magic Dart        |    66 |   102 |   204 ||   372
         Searing Ray       |     8 |    17 |    58 ||    83
         Iskenderun's Myst |       |       |     4 ||     4
    Use: Scroll            |     2 |     3 |     5 ||    10
         Potion            |     1 |     1 |     5 ||     7
   Stab: Sleeping          |     1 |       |       ||     1
 Armour: Robe              |    17 |       |       ||    17
         Leather armour    |       |    24 |    97 ||   121
  Dodge: Dodged            |    36 |    17 |   128 ||   181
